 Dungeon Crawl Stone Soup version 0.19-a0-1740-g0bcaf2e (webtiles) character file.

52 kae the Sneak (level 3, 0/16 HPs)
             Began as a Spriggan Enchanter on Oct 1, 2016.
             Slain by a gnoll
             ... wielding a +0 spear of freezing
              (11 damage)
             ... on level 2 of the Dungeon.
             The game lasted 00:02:02 (1462 turns).

kae the Sneak (Spriggan Enchanter)                  Turns: 1462, Time: 00:02:03

Health: 0/16       AC:  3    Str:  5    XL:     3   Next: 60%
Magic:  2/8        EV: 18    Int: 16    God:
Gold:   25         SH:  0    Dex: 16    Spells: 2 memorised, 5 levels left

rFire  . . .     SeeInvis +     a - +1 dagger
rCold  . . .     Gourm    .     b - +1 robe
rNeg   . . .     Faith    .     (shield restricted)
rPois  .         Spirit   .     (helmet restricted)
rElec  .         Dismiss  .     (no cloak)
rCorr  .         Reflect  .     (gloves unavailable)
MR     .....     Harm     .     (boots unavailable)
Stlth  +++.......               (no amulet)
                                (no ring)
                                (no ring)

@: very slightly contaminated, very quick
A: unfitting armour, see invisible, herbivore 3, speed 3, slow metabolism 2
a: no special abilities


You were on level 2 of the Dungeon.
You were not hungry.

You visited 1 branch of the dungeon, and saw 2 of its levels.

You collected 25 gold pieces.

Inventory:

Hand Weapons
 a - a +1 dagger (weapon)
Armour
 b - a +1 robe (worn)
Scrolls
 e - a scroll of identify {unknown}
 f - a scroll of recharging {unknown}
 g - a scroll of enchant armour {unknown}
Books
 c - a book of Maledictions

   Spells                             Type                      Level
   a - Corona                         Hexes                        1
   b - Ensorcelled Hibernation        Hexes/Ice                    2
   c - Confuse                        Hexes                        3
   d - Tukima's Dance                 Hexes                        3
   e - Dazzling Spray                 Conjuration/Hexes            3
Comestibles
 d - 2 bread rations


   Skills:
 * Level 2.4 Short Blades
 - Level 3.0 Dodging
 + Level 5.3 Stealth
 + Level 3.0 Spellcasting
 + Level 4.2 Hexes


You had 5 spell levels left.
You knew the following spells:

 Your Spells              Type           Power        Failure   Level  Hunger
a - Corona                Hex            ###....      4%          1    #......
b - Ensorcelled Hibernat  Hex/Ice        #.....       14%         2    ##.....


Dungeon Overview and Level Annotations

Branches:
Dungeon (2/15)

Altars:


Innate Abilities, Weirdness & Mutations

You are very small and have problems with some larger weapons.
You are too small for most types of armour.
You have supernaturally acute eyesight. (SInv)
You are a herbivore.
You cover ground extremely quickly.
You need consume almost no food.


Message History

The bat is moderately wounded.
The bat hits you. The bat hits you but does no damage.
You hit the bat but do no damage.
The bat is moderately wounded.
The bat barely misses you. The gnoll completely misses you.
You hit the bat.
The bat is moderately wounded.
The bat completely misses you. The gnoll barely misses you.
The bat hits you but does no damage. The bat closely misses you.
The bat misses you.
There is a stone staircase leading up here.
The bat barely misses you. The bat misses you.
The gnoll hits you from afar with a spear.
The bat closely misses you. The gnoll barely misses you.
The gnoll hits you from afar with a spear of freezing!
Ouch! That really hurt!
You die...

#.#..#....##....... #
#..............[...
#.#(...#....##.......
#.#<..##.÷...........
###..........#(......(.
?.........)÷.##........
#..............##........
#.........g...###......#.
>.........g.@b.....###.#
.............).###.# #
........w......# .#
.............# .#
.............# ).
.......(....## ##
.....#.....##
############


You could see a worm, 2 gnolls and a bat.

Vanquished Creatures
  A gnoll (D:1)
  An adder (D:2)
  2 dart slugs
  A giant cockroach (D:1)
  7 goblins (D:1)
  A hobgoblin (D:1)
  4 jackals
  4 kobolds
  2 bats (D:1)
  2 frilled lizards
  6 rats
31 creatures vanquished.

Notes
Turn   | Place    | Note
-------+----------+-------------------------------------------
     0 | D:1      | kae the Spriggan Enchanter began the quest for the Orb.
     0 | D:1      | Reached XP level 1. HP: 9/9 MP: 5/5
   155 | D:1      | Reached XP level 2. HP: 7/13 MP: 4/6
   173 | D:1      | Learned a level 2 spell: Ensorcelled Hibernation
   931 | D:2      | Reached XP level 3. HP: 16/16 MP: 8/8
   989 | D:1      | Reached skill level 5 in Stealth
  1462 | D:2      | Slain by a gnoll

Vault maps used:
D:1:      saegor_arrival_simple_e, hangedman_decor_growths
D:2:      okawaru_altar_gauntlet_db, lemuel_doored_altar

Skill      XL: |  1  2  3 |
---------------+----------+-----
Short Blades   | 2 |  2.4
Hexes          | 4 |  4.2
Stealth        | 5 |  5.3
Spellcasting   | 3 |  3.0
Dodging        | |  3.0

Action                   || total
-------------------------++-------
Melee: Dagger            ||   128
 Cast: Corona            ||     6
       Ensorcelled Hiber ||    10
 Stab: Sleeping          ||    14
Armor: Robe              ||    27
Dodge: Dodged            ||   156
